 Dungeon Crawl Stone Soup version 0.19.0-20-gbc5f0c6 (webtiles) character file.

59616 kuniqs the Covert (level 14, -8/82 HPs)
             Began as a Vine Stalker Chaos Knight on Nov 16, 2016.
             Shot with an arrow by a centaur warrior (11 damage)
             ... on level 13 of the Dungeon.
             The game lasted 01:06:10 (15772 turns).

kuniqs the Covert (Vine Stalker Chaos Knight)      Turns: 15772, Time: 01:06:10

Health: -8/82      AC:  7    Str: 21    XL:     14   Next: 95%
Magic:  0/15       EV: 24    Int: 14    God:    Xom [....*.]
Gold:   1061       SH:  4    Dex: 19    Spells: 5 memorised, 3 levels left

rFire  . . .     SeeInvis .     l - +4 dagger (elec)
rCold  + . .     Gourm    .     G - +0 robe of Classification {Dex+4}
rNeg   + . .     Faith    .     (no shield)
rPois  +         Spirit   +     R - +0 helmet
rElec  .         Reflect  .     z - +1 cloak {MR+}
rCorr  .         Harm     .     O - +0 pair of gloves of Hedonism {rPois Str+4 Int+2}
MR     +++..                    j - +0 pair of boots
Stlth  ++++++....               K - amulet of rage
                                N - ring of positive energy
                                S - ring of protection from magic

@: no status effects
A: fangs 3, large bone plates 1, rugged brown scales 1, blurry vision 1, clumsy
1, cold resistance 1, deformed body, regeneration 2, magic shield, antimagic
bite, no device heal 3, rot immunity, subdued magic 1
a: Renounce Religion, Evoke Berserk Rage


You were on level 13 of the Dungeon.
You worshipped Xom.
You were a beloved toy of Xom.
You were not hungry.

You visited 3 branches of the dungeon, and saw 20 of its levels.
You also visited: Labyrinth.

You collected 1252 gold pieces.
You spent 191 gold pieces at shops.

Inventory:

Hand Weapons
 a - a +0 short sword of chaos
 l - a +4 dagger of electrocution (weapon)
 H - a -2 quick blade
Missiles
 A - 2 throwing nets (quivered)
Armour
 j - a +0 pair of boots (worn)
 z - a +1 cloak of magic resistance (worn)
 G - the +0 robe of Classification (worn) {Dex+4}
   (You found it on level 1 of the Lair of Beasts)

   It affects your dexterity (+4).
 L - a +0 shield
 O - the +0 pair of gloves of Hedonism (worn) {rPois Str+4 Int+2}
   (You found it on level 6 of the Lair of Beasts)

   It affects your strength (+4).
   It affects your intelligence (+2).
   It protects you from poison.
 R - a +0 helmet (worn)
Jewellery
 d - an uncursed ring of wizardry
 K - an amulet of rage (around neck)
 N - a ring of positive energy (right hand)
 Q - an uncursed ring of protection from magic
 S - a ring of protection from magic (left hand)
Wands
 h - a wand of paralysis (19/24)
 x - a wand of flame (25/48)
 y - a wand of polymorph (11/24)
 B - a wand of random effects (15/48)
 I - a wand of confusion (17/48)
 M - a wand of disintegration (14/24)
 P - a wand of disintegration (6/24)
Scrolls
 b - a scroll of silence
 f - 2 scrolls of vulnerability
 i - 8 scrolls of remove curse {@r2}
 k - 4 scrolls of magic mapping
 o - a scroll of blinking
 r - 4 scrolls of enchant armour
 s - 4 scrolls of recharging
 t - 2 scrolls of teleportation
 u - 2 scrolls of fog
 w - 4 scrolls of fear
 E - 3 scrolls of enchant weapon
 J - 3 scrolls of immolation
 T - 2 scrolls of identify {@r1}
Potions
 e - 3 potions of flight
 m - a potion of cure mutation
 n - 5 potions of curing {@q1}
 p - 7 potions of brilliance
 q - 6 potions of might
 v - 2 potions of invisibility
 F - 2 potions of agility
Comestibles
 c - 9 bread rations
 g - 14 meat rations
 C - 3 beef jerkies
 D - 30 fruits


   Skills:
 - Level 12.0 Fighting
 - Level 10.1 Short Blades
 - Level 1.5 Armour
 - Level 13.5 Dodging
 - Level 13.5 Stealth
 + Level 4.3 Shields


You had 3 spell levels left.
You knew the following spells:

 Your Spells              Type           Power        Failure   Level  Hunger
a - Flame Tongue          Conj/Fire      #....        26%         1    ##.....
b - Apportation           Tloc           #.........   26%         1    ##.....
c - Summon Butterflies    Summ           #.......     26%         1    ##.....
d - Ozocubu's Armour      Chrm/Ice       #.......     80%         3    ####...
f - Summon Lightning Spi  Summ/Air       #.......     100%        4    #####..


Dungeon Overview and Level Annotations

Branches:
Dungeon (13/15)            Temple (1/1) D:6            Lair (6/6) D:11
 Shoals (0/4) Lair:2        Snake (0/4) Lair:3        Slime (0/5) Lair:6
    Orc (0/2) D:9
 Vaults: D:13-14

Altars:
Ashenzari
Cheibriados
Dithmenos
Elyvilon
Fedhas
Gozag
Hepliaklqana
Kikubaaqudgha
Makhleb
Nemelex Xobeh
Okawaru
Qazlal
Ru
Sif Muna
Trog
Uskayaw
Vehumet
Xom
Yredelemnul
Zin
The Shining One

Shops:
D:6 ?   D:9 *

Portals:
Trove: D:13 (give wand of hasting (9))

Annotations:
D:11 exclusion: 2 doors


Innate Abilities, Weirdness & Mutations

You have razor-sharp teeth.
You heal very quickly.
When hurt, damage is shared between your health and your magic reserves.
Your bite disrupts and absorbs the magic of your enemies.
Potions and wands cannot restore your health.
You are immune to rotting.
You are partially covered in large bone plates. (SH +4)
You are partially covered in rugged brown scales. (AC +1, +3% HP)
Scrolls take you a little longer to read.
You are clumsy. (Dex -2)
Your flesh is cold resistant. (rC+)
Armour fits poorly on your strangely shaped body.
Your spells are a little easier to cast, but a little less powerful.


Message History

an uncursed shortbow; 33 arrows; a centaur corpse
Okay, then.
The centaur warrior hits you!
* * * LOW HITPOINT WARNING * * *
The centaur warrior shoots an arrow.
The arrow completely misses you.
The centaur warrior hits you but does no damage.
You see here an arrow.
You barely miss the centaur warrior. You bite the centaur warrior.
You drain its power.
You feel invigorated.
The centaur warrior shoots an arrow.
The arrow hits you.
* * * LOW HITPOINT WARNING * * *
The centaur warrior hits you!
* * * LOW HITPOINT WARNING * * *
Okay, then.
Okay, then.
None of your equipped items are cursed.
The centaur warrior wields an uncursed shortbow of flaming.
It bursts into flame!
The centaur warrior shoots an arrow.
The arrow hits you!
You die...
Xom roars with laughter!

......#.....#.........###......:.
......###H####...................
......###.# #(..................
..........# ##.).................
.......######...........###......
c.................÷..............
...........##.s8..<..............
).....#...**#.8(8.##..#####...#..
(....#*..## #8.∩@8###..## #..####
c...#**..# #.8.8(# ##..###.##
....***.c# #..8)c#####..#..#
,,,,,*,,** #..#§§(.###....##
***,,,,,*** #..)†(.(..##...# # *
**,,,,,,**###c###(......## ##
**,**,,,,,...# ###..(..## ##.
*,,****,.....#* ##.....####..
*,,* *...##..** #..........)


You could see 2 centaur warriors and a scorpion.

Vanquished Creatures
  Rupert (Lair:4)
  An azure jelly (Lair:4)
  The ghost of evildog the Carver, a journeyman MiFi of Okawaru (Lair:2)
  A minotaur (Lab)
  7 hydras
  A centaur warrior (D:13)
  2 catoblepae (Lair:6)
  6 death yaks
  3 slime creatures (D:12)
  A hill giant (D:13)
  2 ugly things (D:13)
  A manticore (Lair:6)
  Joseph (Lair:1)
  28 elephants
  A guardian serpent (D:13)
  3 torpor snails
  2 centaur zombies
  4 black mambas
  13 spiny frogs
  6 rime drakes
  12 komodo dragons
  A troll (D:13)
  4 polar bears
  2 hornets
  A two-headed ogre (D:11)
  5 hippogriffs
  9 dream sheep
  A spriggan (Lair:5)
  31 yaks
  A redback (Lair:3)
  6 wyverns
  2 basilisks (Lair:6)
  3 vampire mosquitoes (D:13)
  A steam dragon (Lair:6)
  4 hungry ghosts (Lab)
  Menkaure (D:7)
  5 mottled dragons (Lair:6)
  15 water moccasins
  4 porcupines
  A swamp drake (Lair:6)
  2 black bears
  5 orc warriors
  3 ice beasts
  3 sky beasts
  An eye of draining (D:8)
  11 centaurs
  7 wolves
  3 ogres
  11 crocodiles
  6 big kobolds
  13 bullfrogs
  4 scorpions
  3 killer bees (D:10)
  3 wights (D:9)
  6 howler monkeys
  7 crimson imps
  A jelly (D:11)
  3 hounds
  A quasit (D:8)
  5 orc priests
  A centaur skeleton (D:5)
  A bullfrog skeleton (D:9)
  9 iguanas
  5 orc wizards
  6 worker ants
  A killer bee zombie (D:7)
  A hound zombie (D:5)
  A howler monkey zombie (D:10)
  11 gnolls
  10 adders
  A howler monkey skeleton (D:5)
  A river rat (Lair:6)
  3 shadow imps
  An adder skeleton (D:9)
  2 worms
  5 dart slugs
  2 leopard geckos
  21 orcs
  3 ball pythons
  3 giant cockroaches
  15 goblins
  12 hobgoblins
  15 jackals
  2 quokkas
  7 bats
  7 frilled lizards
  26 kobolds
  A leopard gecko skeleton (D:8)
  11 rats
  A plant (D:11)
477 creatures vanquished.

Vanquished Creatures (collateral kills)
  A siren (Lair:2)
  A yak (D:11)
2 creatures vanquished.

Vanquished Creatures (others)
  A yak (Lair:6)
  19 fungi
  15 plants
35 creatures vanquished.

Grand Total: 514 creatures vanquished

Notes
Turn   | Place    | Note
-------+----------+-------------------------------------------
     0 | D:1      | kuniqs the Vine Stalker Chaos Knight began the quest for the Orb.
     0 | D:1      | Reached XP level 1. HP: 11/11 MP: 2/2
    75 | D:1      | Reached skill level 1 in Dodging
    75 | D:1      | Reached XP level 2. HP: 13/16 MP: 3/3
   113 | D:1      | Reached skill level 1 in Stealth
   187 | D:1      | XOM: harmless Air miscast
   188 | D:1      | XOM: divination: magic mapping
   411 | D:1      | Reached XP level 3. HP: 17/19 MP: 4/4
   565 | D:2      | XOM: blink monster(s)
   888 | D:1      | XOM: smoke on damage
   955 | D:2      | Gained mutation: Your natural rate of healing is unusually fast. [Vine Stalker growth]
   955 | D:2      | Reached XP level 4. HP: 16/23 MP: 2/5
   964 | D:2      | XOM: 1-stop teleportation journey
  1020 | D:2      | XOM: 4-stop teleportation journey
  1144 | D:2      | Reached XP level 5. HP: 27/27 MP: 6/6
  1258 | D:2      | XOM: give mutations
  1258 | D:2      | Gained mutation: You are partially covered in large bone plates. (SH +4) [Xom's mischief]
  1258 | D:2      | Gained mutation: Armour fits poorly on your strangely shaped body. [Xom's mischief]
  1258 | D:2      | Gained mutation: Your flesh is cold resistant. (rC+) [Xom's mischief]
  1258 | D:2      | Gained mutation: You are weak. (Str -2) [Xom's mischief]
  1329 | D:2      | Found a glowing silver altar of Zin.
  1463 | D:2      | XOM: silly message
  1486 | D:3      | XOM: harmless Ice miscast
  1489 | D:3      | Found a deep blue altar of Sif Muna.
  1527 | D:3      | Gained mutation: Scrolls take you a little longer to read. [potion of mutation]
  1527 | D:3      | Lost mutation: Scrolls take you a little longer to read. [potion of mutation]
  1527 | D:3      | Gained mutation: You are frail. (-10% HP) [potion of mutation]
  1770 | D:3      | Found a faded altar of an unknown god.
  2311 | D:4      | XOM: confuse monster(s)
  2313 | D:4      | Reached XP level 6. HP: 22/28 MP: 7/7
  2328 | D:4      | XOM: mild Erth miscast
  2389 | D:5      | Entered Level 5 of the Dungeon
  2392 | D:5      | XOM: 1-stop teleportation journey
  2426 | D:4      | Found a bloodstained altar of Trog.
  2426 | D:4      | Found an ancient bone altar of Kikubaaqudgha.
  2449 | D:5      | XOM: give mutation
  2449 | D:5      | Lost mutation: You are frail. (-10% HP) [Xom's mischief]
  2494 | D:5      | XOM: potion effect (might)
  2686 | D:5      | Learned a level 1 spell: Flame Tongue
  3180 | D:4      | Reached XP level 7. HP: 37/37 MP: 8/8
  3371 | D:4      | Found a snail-covered altar of Cheibriados.
  3374 | D:4      | Found an opulent altar of Gozag.
  3391 | D:4      | XOM: silly message
  3682 | D:6      | Reached skill level 5 in Short Blades
  3731 | D:6      | Found Antiniel's Magic Scroll Shop.
  3741 | D:6      | Bought a scroll of teleportation for 33 gold pieces
  3741 | D:6      | Bought a scroll of magic mapping for 38 gold pieces
  3741 | D:6      | Bought a scroll of enchant weapon for 82 gold pieces
  3741 | D:6      | Bought a scroll of fear for 38 gold pieces
  3952 | D:6      | Found a staircase to the Ecumenical Temple.
  3958 | Temple   | Entered the Ecumenical Temple
  4320 | D:7      | XOM: harmless Pois miscast
  4322 | D:7      | Gained mutation: You have razor-sharp teeth. [Vine Stalker growth]
  4322 | D:7      | Reached XP level 8. HP: 33/42 MP: 9/9
  4436 | D:7      | XOM: cast spell 'Summon Small Mammal'
  4469 | D:7      | Reached skill level 5 in Stealth
  4617 | D:7      | Noticed Menkaure
  4621 | D:7      | XOM: harmless Necr miscast
  4623 | D:7      | Killed Menkaure
  4711 | D:7      | XOM: silly message
  4714 | D:7      | XOM: cloud trail
  4781 | D:8      | XOM: harmless Chrm miscast
  4795 | D:7      | Reached skill level 5 in Dodging
  4981 | D:8      | XOM: harmless Air miscast
  5156 | D:8      | XOM: confuse monster(s)
  5171 | D:8      | XOM: mild Conj miscast
  5174 | D:8      | XOM: potion effect (might)
  5175 | D:8      | Reached XP level 9. HP: 38/45 MP: 8/10
  5550 | D:9      | Found a staircase to the Orcish Mines.
  5571 | D:9      | Found Aclekhlou's General Store.
  5596 | D:9      | XOM: scenery: create altars
  5636 | D:10     | Entered Level 10 of the Dungeon
  5777 | D:10     | XOM: mild Tloc miscast
  5782 | D:10     | Gained mutation: You are clumsy. (Dex -2) [mutagenic meat]
  5921 | D:10     | XOM: god gift: ichor-stained morningstar {god gift}
  5922 | D:10     | Got an ichor-stained morningstar {god gift}
  5923 | D:10     | Identified the +7 morningstar "Xypaiwep" {chaos, rC+} (Xom gifted it to you on level 10 of the Dungeon)
  5968 | D:10     | XOM: summons 7 friendly demons
  6035 | D:10     | XOM: confuse monster(s)
  6067 | D:10     | XOM: potion effect (might)
  6142 | D:10     | XOM: cloud trail
  6397 | D:10     | XOM: harmless Chrm miscast
  6409 | D:10     | XOM: god gift: plate armour {god gift}
  6535 | D:11     | Reached XP level 10. HP: 49/49 MP: 11/11
  6550 | D:11     | XOM: potion effect (might)
  6557 | D:11     | XOM: enchant monster (bad)
  6558 | D:11     | XOM: enchant monster (good)
  6570 | D:11     | XOM: cast spell 'Summon Ice Beast'
  6799 | D:11     | XOM: mild Ice miscast
  6903 | D:11     | Found a staircase to the Lair.
  6985 | D:11     | Found a shimmering altar of Xom.
  6986 | D:11     | XOM: harmless Fire miscast
  6993 | D:11     | Got a smoking large shield
  6999 | D:11     | Identified the -12 large shield of Perpetual Drought {rElec rC+ MR+} (You found it on level 11 of the Dungeon)
  7150 | D:12     | XOM: mild Necr miscast
  7157 | D:12     | XOM: potion effect (might)
  7160 | D:12     | Killed a very large slime creature
  7160 | D:12     | Reached skill level 10 in Short Blades
  7287 | D:12     | XOM: harmless Erth miscast
  7310 | D:11     | XOM: harmless Necr miscast
  7327 | D:11     | XOM: cleaving
  7329 | D:11     | XOM: swap monsters
  7333 | D:11     | XOM: mild Ice miscast
  7335 | D:11     | XOM: harmless Erth miscast
  7355 | D:11     | XOM: repel stairs
  7358 | D:11     | Reached XP level 11. HP: 29/53 MP: 9/12
  7415 | Lair:1   | Entered Level 1 of the Lair of Beasts
  7526 | Lair:1   | Learned a level 1 spell: Apportation
  7528 | Lair:1   | Learned a level 1 spell: Summon Butterflies
  7553 | Lair:1   | Noticed Joseph
  7574 | Lair:1   | XOM: summons friendly quasit
  7617 | Lair:1   | Got a silken robe
  7618 | Lair:1   | XOM: harmless Necr miscast
  7628 | Lair:1   | Identified the +0 robe of Classification {Dex+4} (You found it on level 1 of the Lair of Beasts)
  7651 | Lair:1   | XOM: harmless Pois miscast
  7657 | Lair:1   | XOM: mild Summ miscast
  7660 | Lair:1   | Killed Joseph
  7660 | Lair:1   | Reached skill level 10 in Dodging
  7922 | Lair:1   | XOM: divination: detect creatures
  7942 | Lair:1   | XOM: swap monsters
  7946 | Lair:1   | XOM: swap monsters
  7952 | Lair:1   | XOM: cast spell 'Summon Small Mammal'
  7966 | Lair:1   | Noticed a five-headed hydra
  7967 | Lair:1   | XOM: chaos cloud
  7983 | Lair:1   | Killed a five-headed hydra
  7993 | Lair:1   | XOM: summons 5 hostile demons
  8110 | Lair:1   | XOM: divination: detect creatures
  8112 | Lair:1   | XOM: give mutations
  8112 | Lair:1   | Gained mutation: You are partially covered in rugged brown scales. (AC +1, +3% HP) [Xom's mischief]
  8112 | Lair:1   | Lost mutation: You are weak. (Str -2) [Xom's mischief]
  8224 | Lair:2   | Noticed evildog's ghost (journeyman MiFi)
  8228 | Lair:2   | XOM: divine lightning (protected)
  8242 | Lair:2   | XOM: divine lightning (protected)
  8343 | Lair:2   | XOM: medium Summ miscast
  8367 | Lair:1   | XOM: enchant monster (bad)
  8383 | Lair:1   | XOM: medium Erth miscast
  8500 | Lair:2   | XOM: fog
  8506 | Lair:2   | Killed evildog's ghost
  8985 | Lair:2   | XOM: divination: detect items
  9093 | Lair:2   | XOM: cast spell 'Summon Small Mammal'
  9094 | Lair:2   | XOM: summons 8 friendly demons
  9102 | Lair:2   | Gained mutation: You heal very quickly. [Vine Stalker growth]
  9102 | Lair:2   | Reached XP level 12. HP: 59/59 MP: 13/13
  9109 | Lair:2   | Found a staircase to the Shoals.
  9178 | Lair:2   | XOM: give mutation
  9178 | Lair:2   | Lost mutation: Armour fits poorly on your strangely shaped body. [Xom's mischief]
  9234 | Lair:2   | XOM: summons 6 hostile demons
  9286 | Lair:2   | Identified the +1 ring mail "Omelupn" {Int+6} (You found it on level 2 of the Lair of Beasts)
  9490 | Lair:3   | XOM: polymorph yak -> polar bear
  9499 | Lair:3   | XOM: god gift: weird glowing staff {god gift}
  9517 | Lair:3   | Found a staircase to the Snake Pit.
  9531 | Lair:3   | XOM: cast spell 'Alistair's Intoxication'
  9540 | Lair:3   | Reached skill level 5 in Fighting
  9572 | Lair:3   | XOM: scenery: create altars
  9713 | Lair:3   | XOM: polymorph dream sheep -> redback
  9930 | Lair:3   | XOM: divination: detect items
  9992 | Lair:3   | XOM: god gift: potion of invisibility
 10117 | Lair:3   | XOM: give mutations
 10117 | Lair:3   | Gained mutation: Armour fits poorly on your strangely shaped body. [Xom's mischief]
 10117 | Lair:3   | Lost mutation: You are clumsy. (Dex -2) [Xom's mischief]
 10289 | Lair:3   | Noticed a seven-headed hydra
 10297 | Lair:3   | Killed a seven-headed hydra
 10367 | Lair:4   | Reached skill level 10 in Stealth
 10374 | Lair:4   | Noticed Rupert
 10390 | Lair:4   | Killed Rupert
 10539 | Lair:4   | XOM: harmless Tmut miscast
 10589 | Lair:4   | Reached XP level 13. HP: 70/70 MP: 14/14
 10595 | Lair:4   | XOM: enchant monster (good)
 10810 | Lair:4   | XOM: harmless Fire miscast
 10829 | Lair:4   | XOM: 2-stop teleportation journey
 10845 | Lair:4   | XOM: cast spell 'Olgreb's Toxic Radiance'
 10849 | Lair:4   | XOM: destruction
 10853 | Lair:4   | XOM: harmless Erth miscast
 10860 | Lair:4   | XOM: confuse monster(s)
 10876 | Lair:4   | XOM: swap monsters
 10882 | Lair:4   | Noticed an azure jelly
 10882 | Lair:4   | a death yak changed into an azure jelly
 10882 | Lair:4   | XOM: polymorph death yak -> azure jelly
 10883 | Lair:4   | AAAARGH
 10959 | Lair:4   | XOM: confuse monster(s)
 10965 | Lair:4   | Killed an azure jelly
 10971 | Lair:4   | XOM: potion effect (might)
 10993 | Lair:4   | XOM: butterfly on damage
 11073 | Lair:4   | XOM: potion effect (invisibility)
 11176 | Lair:4   | XOM: harmless Hex miscast
 11217 | Lair:4   | XOM: divination: magic mapping
 11285 | Lair:5   | XOM: divination: detect items
 11414 | Lair:5   | XOM: chaos cloud
 11479 | Lair:5   | XOM: potion effect (agility)
 11887 | Lair:5   | XOM: divination: magic mapping
 12003 | Lair:6   | Entered Level 6 of the Lair of Beasts
 12048 | Lair:6   | XOM: silly message
 12071 | Lair:6   | XOM: enchant monster (bad)
 12109 | Lair:6   | XOM: scenery: create altars
 12135 | Lair:6   | XOM: mild Ice miscast
 12140 | Lair:6   | XOM: blink monster(s)
 12141 | Lair:6   | Reached skill level 10 in Fighting
 12142 | Lair:6   | Found a staircase to the Slime Pits.
 12142 | Lair:6   | XOM: 1-stop teleportation journey
 12194 | Lair:6   | XOM: potion effect (might)
 12217 | Lair:6   | XOM: silly message
 12246 | Lair:6   | XOM: summons 6 hostile demons
 12573 | Lair:6   | Reached XP level 14. HP: 79/79 MP: 15/15
 12613 | Lair:6   | XOM: 2-stop teleportation journey
 12667 | Lair:6   | XOM: stat loss: -1 Dex (20/21)
 12675 | Lair:6   | XOM: give mutations
 12675 | Lair:6   | Gained mutation: You are dopey. (Int -2) [Xom's mischief]
 12675 | Lair:6   | Gained mutation: Your spells are a little easier to cast, but a little less powerful. [Xom's mischief]
 12679 | Lair:6   | XOM: confuse monster(s)
 12785 | Lair:6   | XOM: destruction
 12861 | Lair:6   | XOM: god gift: 23 gold pieces
 12882 | Lair:6   | XOM: polymorph fire dragon -> seven-headed hydra
 13128 | Lair:6   | XOM: medium Fire miscast
 13140 | Lair:6   | XOM: give mutations
 13140 | Lair:6   | Lost mutation: You are dopey. (Int -2) [Xom's mischief]
 13140 | Lair:6   | Gained mutation: Scrolls take you a little longer to read. [Xom's mischief]
 13140 | Lair:6   | Gained mutation: You are clumsy. (Dex -2) [Xom's mischief]
 13217 | Lair:6   | XOM: blink monster(s)
 13302 | Lair:6   | XOM: enchant monster (good)
 13303 | Lair:6   | XOM: polymorph wolf -> mottled dragon
 13310 | Lair:6   | XOM: medium Chrm miscast
 13391 | Lair:6   | XOM: confusion
 13459 | Lair:6   | XOM: noise
 13480 | Lair:6   | XOM: summons 7 hostile demons
 13481 | Lair:6   | XOM: blink monster(s)
 13494 | Lair:6   | XOM: confusion
 13518 | Lair:6   | XOM: harmless Tloc miscast
 13595 | Lair:6   | XOM: harmless Tmut miscast
 13657 | Lair:6   | Got a pair of pitted gloves
 13664 | Lair:6   | Identified the +0 pair of gloves of Hedonism {rPois Str+4 Int+2} (You found it on level 6 of the Lair of Beasts)
 13925 | D:13     | XOM: polymorph troll -> guardian serpent
 13939 | D:13     | XOM: draining
 13967 | D:13     | XOM: summons 1 hostile demon
 13997 | D:13     | Found a portal to a secret trove of treasure.
 14022 | D:13     | Found a labyrinth entrance.
 14035 | D:13     | Learned a level 3 spell: Ozocubu's Armour
 14037 | Lab      | Entered a labyrinth
 14276 | Lab      | XOM: summons 6 hostile demons
 14465 | Lab      | XOM: confusion
 14469 | Lab      | XOM: enchant monster (bad)
 14480 | Lab      | XOM: enchant monster (bad)
 14483 | Lab      | XOM: enchant monster (good)
 14521 | Lab      | Learned a level 4 spell: Summon Lightning Spire
 14631 | D:13     | Found a sparkling altar of Nemelex Xobeh.
 14651 | D:13     | XOM: enchant monster (bad)
 14660 | D:13     | Reached skill level 1 in Shields
 14663 | D:13     | XOM: 2-stop teleportation journey
 14765 | D:13     | XOM: 3-stop teleportation journey
 15045 | D:13     | XOM: noise
 15064 | D:13     | XOM: mild Erth miscast
 15121 | D:12     | XOM: harmless Tmut miscast
 15191 | D:12     | XOM: chaos upgrade
 15373 | D:12     | XOM: 4-stop teleportation journey
 15695 | D:13     | XOM: polymorph centaur -> scorpion
 15743 | D:13     | XOM: smoke on damage
 15771 | D:13     | HP: 2/82 [centaur warrior (5)]
 15772 | D:13     | Shot with an arrow by a centaur warrior

Skill      XL: |  1  2  3  4  5  6  7  8  9 10 11 12 13 14 |
---------------+-------------------------------------------+-----
Short Blades   | 3 4 5 6 8 10 | 10.1
Dodging        | 1 2 3 4 5 7 9 12 13 | 13.5
Stealth        | 1 2 4 6 11 13 | 13.5
Fighting       | 3 4 7 10 12 | 12.0
Shields        | 4 |  4.3
Armour         | |  1.5

Action                   |  1- 3 |  4- 6 |  7- 9 | 10-12 | 13-15 || total
-------------------------+-------+-------+-------+-------+-------++-------
Melee: Short sword       |    42 |     5 |    39 |    22 |   138 ||   246
       Bite              |    27 |    20 |    91 |   201 |   404 ||   743
       Dagger            |    54 |   120 |   280 |   513 |   700 ||  1667
 Abil: Evoke Berserk Rag |       |       |     2 |     8 |    13 ||    23
Evoke: Wand              |       |       |     1 |     2 |    13 ||    16
  Use: Scroll            |       |     7 |     8 |     5 |    12 ||    32
       Potion            |       |     2 |     2 |     1 |     5 ||    10
 Stab: Sleeping          |     1 |     6 |     9 |     8 |    16 ||    40
       Distracted        |     1 |       |     2 |     5 |     3 ||    11
       Confused          |       |     1 |     2 |       |     3 ||     6
       Paralysed         |       |       |       |     2 |     2 ||     4
       Petrified         |       |       |       |     2 |     2 ||     4
       Invisible         |       |       |       |       |     3 ||     3
       Petrifying        |       |       |       |       |     2 ||     2
  Eat: Chunk             |       |     4 |    14 |    16 |    23 ||    57
       Pizza             |       |     1 |       |     2 |     8 ||    11
       Beef jerky        |       |       |     1 |       |       ||     1
Armor: Leather armour    |    55 |    27 |    49 |    11 |       ||   142
       Robe              |       |       |       |    29 |    67 ||    96
Dodge: Dodged            |    56 |    62 |   146 |   276 |   577 ||  1117
Block: Other             |       |    10 |    31 |    56 |   107 ||   204
